 Dungeon Crawl Stone Soup version 0.28-a0-1286-g6bde065e89 (webtiles) character file.

Game seed: 14106457328666031020

16629 Gildeon the Severer (level 12, -5/94 HPs)
             Began as a Minotaur Fighter on Dec 26, 2021.
             Was a Plaything of Xom.
             Slain by a blink frog (11 damage)
             ... on level 1 of the Lair of Beasts.
             The game lasted 00:44:12 (12855 turns).

Gildeon the Severer (Minotaur Fighter)             Turns: 12855, Time: 00:44:13

Health: -5/94      AC: 15    Str: 26 (28) XL:     12   Next: 11%
Magic:  0/18       EV:  4    Int:  4 (5)  God:    Xom [..*...]
Gold:   268        SH: 12    Dex:  8      Spells: 16/21 levels left

rFire   . . .      SeeInvis .   a - +0 broad axe (drain)
rCold   + . .      Faith    .   p - +0 tower shield
rNeg    . . .      Spirit   +   c - +1 plate armour {rC+}
rPois   .          Reflect  .   (helmet restricted)
rElec   .          Harm     .   A - +2 cloak
rCorr   .          Rampage  .   (no gloves)
Will    ++...                   l - +1 pair of boots
Stlth   ..........              b - amulet of guardian spirit
HPRegen 0.25/turn               x - ring of willpower
MPRegen 0.16/turn               M - ring of willpower

@: no status effects
A: horns 2, retaliatory headbutt, talons 1, iridescent scales 1, clumsy 1,
deformed body, deterioration 1, strong 1, wild magic 1
a: Renounce Religion


You were on level 1 of the Lair of Beasts.
You worshipped Xom.
You were a toy of Xom.
You visited 3 branches of the dungeon, and saw 13 of its levels.

You collected 606 gold pieces.
You spent 338 gold pieces at shops.

Inventory:

Hand Weapons
 a - a +0 broad axe of draining (weapon)
 z - a +3 mace
Armour
 c - a +1 plate armour of cold resistance (worn)
 l - a +1 pair of boots (worn)
 p - a +0 tower shield (worn)
 A - a +2 cloak (worn)
Jewellery
 b - an amulet of guardian spirit (around neck)
 x - a ring of willpower (left hand)
 y - a ring of see invisible
 K - a ring of wizardry
 M - a ring of willpower (right hand)
 O - an amulet of reflection
Wands
 g - a wand of digging (7)
 r - a wand of iceblast (22)
 v - a wand of polymorph (10)
 G - a wand of acid (4)
 N - a wand of charming (5)
Scrolls
 e - a scroll of enchant armour {unknown}
 f - 3 scrolls of blinking
 j - 4 scrolls of teleportation
 k - a scroll of torment {unknown}
 o - a scroll of brand weapon {unknown}
 q - a scroll of noise {unknown}
 t - a scroll of acquirement {unknown}
 u - 2 scrolls of immolation {unknown}
 C - 2 scrolls of magic mapping {unknown}
 F - a scroll of amnesia {unknown}
 H - 2 scrolls of summoning {unknown}
 I - a scroll of enchant weapon {unknown}
 L - a scroll of fog {unknown}
Potions
 d - a potion of might
 h - 10 potions of curing
 i - 3 potions of ambrosia
 m - 2 potions of heal wounds
 n - 2 potions of haste
 s - 2 potions of lignification {unknown}
 w - a potion of flight {unknown}
 B - 2 potions of brilliance {unknown}
 D - 2 potions of cancellation
 E - a potion of berserk rage {unknown}
 J - a potion of invisibility {unknown}
 P - a potion of mutation {unknown}


   Skills:
 + Level 5.5 Fighting
 + Level 16.5 Axes
 + Level 5.1 Armour
 - Level 5.0 Dodging
 - Level 5.0 Shields
 - Level 5.0 Spellcasting
 + Level 3.0 Hexes
 - Level 5.0 Ice Magic
 - Level 5.0 Evocations


You had 16 spell levels left.
You knew the following spells:

 Your Spells              Type           Power      Damage    Failure   Level
a - Ensorcelled Hibernat  Hex/Ice        10%        N/A       100%        2
b - Frozen Ramparts       Ice            12%        1d3       100%        3

Your spell library contained the following spells:

 Spells                   Type           Power      Damage    Failure   Level
 Passwall                 Tmut/Erth      0%         N/A       100%        2
 Static Discharge         Conj/Air       1%         N/A       100%        2
 Swiftness                Air            1%         N/A       100%        3
 Dispel Undead            Necr           1%         3d6       100%        4
 Ice Form                 Ice/Tmut       3%         N/A       100%        4
 Sticky Flame             Conj/Fire      1%         2d3       100%        4
 Summon Ice Beast         Ice/Summ       3%         N/A       100%        4
 Excruciating Wounds      Necr           0%         N/A       100%        5
 Simulacrum               Ice/Necr       1%         N/A       100%        6


Dungeon Overview and Level Annotations

Branches:
Dungeon (11/15)            Temple (1/1) D:7            Lair (1/6) D:8
    Orc: D:9-12

Altars:
Ashenzari
Cheibriados
Dithmenos
Elyvilon
Fedhas
Gozag
Hepliaklqana
Kikubaaqudgha
Makhleb
Nemelex Xobeh
Okawaru
Qazlal
Ru
Sif Muna
Trog
Uskayaw
Vehumet
Wu Jian
Xom
Yredelemnul
Zin
The Shining One
Lugonu

Shops:
D:7 *   D:10 !


Innate Abilities, Weirdness & Mutations

You have a pair of horns on your head.
You reflexively headbutt those who attack you in melee.
You have sharp toenails.
You are partially covered in iridescent scales. (AC +2)
You are clumsy. (Dex -2)
Armour fits poorly on your strangely shaped body.
Your body sometimes deteriorates upon taking damage.
Your muscles are strong. (Str +2)
Your spells are a little harder to cast, but a little more powerful.


Message History

* * * LOW HITPOINT WARNING * * *
You miss the blink frog.
The blink frog is heavily wounded.
You slash the blink frog!
You kill the blink frog!
You block the blink frog's attack.
The blink frog blinks!
You miss the blink frog. You headbutt the blink frog!
The blink frog is severely wounded.
The blink frog barely misses you. The blink frog hits you!
* * * LOW HITPOINT WARNING * * *
You block the blink frog's attack.
You barely miss the blink frog.
The blink frog is severely wounded.
You slash the blink frog! You drain the blink frog.
You kill the blink frog!
The blink frog blinks!
Your life force feels restored.
The blink frog blinks!
You see here a water moccasin corpse.
You slash the blink frog!
The blink frog is heavily wounded.
You block the blink frog's attack. The blink frog barely misses you.
The blink frog blinks!
You closely miss the blink frog.
The blink frog is heavily wounded. "See what I see, my child!"
You detect creatures!
The blink frog hits you but does no damage.
The blink frog hits you!
* * * LOW HITPOINT WARNING * * *
You barely miss the blink frog. Your headbutt misses the blink frog.
The blink frog is heavily wounded.
You block the blink frog's attack. x2
You miss the blink frog.
The blink frog is heavily wounded.
You barely miss the blink frog. You block the blink frog's attack.
The blink frog hits you!
* * * LOW HITPOINT WARNING * * *
The blink frog hits you!
You die...

.#.....#...#.## **,,**
(#.....###..## #...**
...##.####.## #...P* *** *
........#...# *#..#*## .,* *
#.....≈..≈≈≈###*...##.#..,
,,,*
##.....≈≈≈≈...###........,,
,,* #.≈...≈≈≈≈≈≈≈..##........,
, ,
.....≈≈≈#≈###.###†.......,,,,,
....##..##* #..F@........, ,,
....†#..# ###.F........,,,,,
.......## ##.........,P,,**
...).### #..#..#$P#,** *
..#.÷.# *#.#####*##* .####†##
*..#* .# #††# *,..P* ## #..###
*#...* # ##..P# ##..,*


You could see 2 blink frogs.

Vanquished Creatures
  A hydra (Lair:1)
  Pikel (D:8)
  Joseph (D:8)
  4 cane toads
  Maggie (D:7)
  4 komodo dragons (Lair:1)
  2 trolls (D:9)
  5 blink frogs (Lair:1)
  A wraith (D:10)
  22 yaks
  4 basilisks (Lair:1)
  A wyvern (D:8)
  3 steam dragons
  10 water moccasins
  A hornet zombie (D:6)
  2 sky beasts
  3 ice beasts
  2 orc warriors
  3 black bears
  3 ogres
  5 wolves (Lair:1)
  4 centaurs
  A lemure (D:8)
  A kobold brigand (D:5)
  A gnoll sergeant (D:9)
  9 bullfrogs
  A wyvern zombie (D:8)
  A scorpion (D:5)
  14 killer bees
  5 wights (D:7)
  4 howler monkeys
  2 bullfrog zombies
  A crimson imp (D:6)
  2 jellies
  6 centaur zombies
  3 orc priests
  2 hounds
  Ijyb (D:3)
  Crazy Yiuf (D:5)
  9 iguanas
  5 orc wizards
  A scorpion zombie (D:5)
  2 killer bee zombies (D:7)
  A hound zombie (D:5)
  A hound skeleton (D:5)
  2 howler monkey zombies
  8 gnolls
  6 adders
  A shadow imp (D:6)
  An ufetubus (D:4)
  3 worms
  6 dart slugs
  27 orcs
  A bat (D:1)
  2 endoplasms
  5 giant cockroaches
  6 hobgoblins
  5 quokkas
  4 ball pythons
  3 frilled lizards
  7 goblins
  10 kobolds
  4 rats
258 creatures vanquished.

Vanquished Creatures (collateral kills)
  A two-headed ogre (D:10)
  A yak (Lair:1)
2 creatures vanquished.

Vanquished Creatures (others)
  25 fungi
  50 plants
75 creatures vanquished.

Grand Total: 335 creatures vanquished

Notes
Turn   | Place    | Note
-------+----------+-------------------------------------------
     0 | D:1      | Gildeon the Minotaur Fighter began the quest for the Orb.
     0 | D:1      | Reached XP level 1. HP: 19/19 MP: 0/0
   415 | D:1      | Reached skill level 3 in Axes
   506 | D:1      | Reached XP level 2. HP: 26/26 MP: 1/1
   952 | D:2      | You fall into a shaft and drop 1 floor!
   964 | D:3      | Reached skill level 4 in Axes
  1054 | D:3      | Reached XP level 3. HP: 28/31 MP: 2/2
  1319 | D:2      | Reached skill level 5 in Axes
  1345 | D:2      | Reached XP level 4. HP: 39/39 MP: 3/3
  1916 | D:3      | Noticed Ijyb
  1920 | D:3      | Killed Ijyb
  1921 | D:3      | Reached skill level 6 in Axes
  2017 | D:3      | Found an ancient bone altar of Kikubaaqudgha.
  2283 | D:3      | Found a faded altar of an unknown god.
  2615 | D:4      | Found a shadowy altar of Dithmenos.
  2715 | D:4      | Reached XP level 5. HP: 43/45 MP: 2/4
  2857 | D:4      | Found a hazy altar of Hepliaklqana.
  3289 | D:5      | Entered Level 5 of the Dungeon
  3319 | D:5      | Reached skill level 7 in Axes
  3386 | D:5      | Reached XP level 6. HP: 51/51 MP: 5/5
  3446 | D:5      | Reached skill level 8 in Axes
  3786 | D:5      | Reached skill level 1 in Dodging
  3786 | D:5      | Reached XP level 7. HP: 58/59 MP: 6/6
  3892 | D:5      | Found a basalt altar of Yredelemnul.
  3977 | D:5      | Found a runed translucent door.
  3978 | D:5      | Noticed Crazy Yiuf
  3985 | D:5      | Killed Crazy Yiuf
  4063 | D:5      | Reached skill level 9 in Axes
  4274 | D:5      | Reached XP level 8. HP: 38/67 MP: 4/7
  4426 | D:6      | Reached skill level 5 in Armour
  4432 | D:6      | Reached skill level 5 in Fighting
  4432 | D:6      | Reached skill level 5 in Shields
  4687 | D:6      | Reached skill level 10 in Axes
  4821 | D:6      | Found a shimmering altar of Xom.
  4822 | D:6      | Found a burning altar of Makhleb.
  4828 | D:6      | Became a worshipper of Xom of Chaos
  5018 | D:6      | XOM: silly message
  5113 | D:6      | Found a sacrificial altar of Ru.
  5126 | D:6      | Found a shimmering blue altar of Sif Muna.
  5421 | D:7      | Found Ytodiuwo's Assorted Antiques.
  5435 | D:7      | Reached skill level 11 in Axes
  5439 | D:7      | XOM: smoke on damage
  5471 | D:6      | XOM: silly message
  5737 | D:7      | Reached skill level 12 in Axes
  5737 | D:7      | Reached skill level 5 in Dodging
  5737 | D:7      | Reached XP level 9. HP: 68/74 MP: 6/8
  5745 | D:7      | Bought a broad axe for 100 gold pieces
  5770 | D:7      | XOM: noise
  5797 | D:7      | Noticed Maggie
  5799 | D:7      | XOM: cast spell 'Summon Small Mammal'
  5805 | D:7      | XOM: noise
  5810 | D:7      | Killed Maggie
  5811 | D:7      | Reached skill level 1 in Spellcasting
  5811 | D:7      | Reached skill level 1 in Evocations
  5815 | D:7      | XOM: confuse monster(s)
  5837 | D:7      | Learned a level 3 spell: Frozen Ramparts
  5922 | D:7      | XOM: 2-stop teleportation journey
  5953 | D:7      | XOM: noise
  6014 | D:7      | Found a staircase to the Ecumenical Temple.
  6165 | D:7      | XOM: divination: detect items
  6306 | D:7      | Found an opulent altar of Gozag.
  6312 | D:7      | Found a hide-covered altar of Uskayaw.
  6317 | D:7      | Found a white marble altar of Elyvilon.
  6349 | Temple   | Entered the Ecumenical Temple
  6539 | D:8      | XOM: potion effect (brilliance)
  6541 | D:8      | Reached skill level 13 in Axes
  6541 | D:8      | Reached skill level 1 in Ice Magic
  6664 | D:8      | XOM: potion effect (invisibility)
  6726 | D:8      | XOM: divination: magic mapping
  6830 | D:8      | Found a staircase to the Lair.
  6857 | D:8      | Reached XP level 10. HP: 63/81 MP: 10/12
  7077 | D:8      | XOM: silly message
  7081 | D:8      | XOM: potion effect (haste)
  7083 | D:8      | XOM: scenery: create altars
  7319 | D:8      | Noticed Pikel
  7349 | D:8      | Killed Pikel
  7352 | D:8      | Got the Grimoire of Freezing Unholy Rites
  7357 | D:8      | Learned a level 2 spell: Ensorcelled Hibernation
  7583 | D:8      | Noticed Joseph
  7593 | D:8      | Killed Joseph
  7594 | D:8      | Reached skill level 14 in Axes
  7873 | D:8      | XOM: enchant monster (good)
  7878 | D:8      | XOM: scenery: create altars
  7972 | D:8      | XOM: scenery: summon butterflies
  8123 | D:8      | XOM: give mutations
  8123 | D:8      | Gained mutation: Your muscles are strong. (Str +2) [Xom's
                  | grace]
  8123 | D:8      | Gained mutation: Your spells are a little harder to cast,
                  | but a little more powerful. [Xom's grace]
  8159 | D:8      | XOM: give mutations
  8159 | D:8      | Gained mutation: You are partially covered in iridescent
                  | scales. (AC +2) [Xom's grace]
  8159 | D:8      | Gained mutation: You have sharp toenails. [Xom's grace]
  8340 | D:8      | Found a bloodstained altar of Trog.
  8841 | D:9      | XOM: swap monsters
  8936 | D:9      | XOM: summons 4 friendly demons
  9231 | D:9      | XOM: 3-stop teleportation journey
  9240 | D:9      | XOM: 8-stop teleportation journey
  9419 | D:9      | XOM: torment (48/81 hp)
  9477 | D:9      | XOM: silly message
  9711 | D:10     | Entered Level 10 of the Dungeon
  9737 | D:10     | Found Arroyw's Distillery.
  9744 | D:10     | Noticed a two-headed ogre
  9758 | D:10     | XOM: summons 5 friendly demons
  9760 | D:10     | XOM: blink monster(s)
  9764 | D:10     | Killed a two-headed ogre
  9765 | D:10     | Reached XP level 11. HP: 57/86 MP: 10/15
  9795 | D:10     | XOM: give mutations
  9795 | D:10     | Gained mutation: Your body sometimes deteriorates upon
                  | taking damage. [Xom's mischief]
  9795 | D:10     | Gained mutation: You are clumsy. (Dex -2) [Xom's mischief]
  9795 | D:10     | Gained mutation: Armour fits poorly on your strangely
                  | shaped body. [Xom's mischief]
  9919 | D:10     | Bought a potion of curing for 51 gold pieces
  9919 | D:10     | Bought 2 potions of curing for 102 gold pieces
  9919 | D:10     | Bought a potion of heal wounds for 85 gold pieces
  9998 | D:10     | XOM: torment (27/86 hp)
 10031 | D:10     | XOM: 3-stop teleportation journey
 10374 | D:10     | XOM: potion effect (might)
 10382 | D:10     | Reached skill level 15 in Axes
 10405 | D:10     | Found a blossoming altar of Fedhas.
 10539 | D:10     | XOM: 1-stop teleportation journey
 10544 | D:10     | Reached skill level 5 in Evocations
 10572 | D:10     | XOM: noise
 10804 | D:10     | XOM is BORED!
 11008 | D:11     | Noticed a two-headed ogre
 11041 | D:9      | XOM: noise
 11076 | Lair:1   | Entered Level 1 of the Lair of Beasts
 11120 | Lair:1   | Noticed a six-headed hydra
 11130 | Lair:1   | XOM: potion effect (might)
 11232 | D:8      | XOM: divination: detect creatures
 11279 | Lair:1   | XOM: confuse monster(s)
 11285 | Lair:1   | Killed a six-headed hydra
 11286 | Lair:1   | Reached skill level 1 in Hexes
 11290 | Lair:1   | XOM: noise
 11309 | Lair:1   | XOM: 2-stop teleportation journey
 11310 | Lair:1   | XOM: fog
 11429 | Lair:1   | XOM: enchant monster (good)
 11480 | Lair:1   | XOM: god gift: 45 gold pieces
 11497 | Lair:1   | XOM: smoke on damage
 11507 | Lair:1   | XOM: god gift: long sword {god gift}
 11641 | Lair:1   | Reached skill level 16 in Axes
 11687 | Lair:1   | XOM: divination: magic mapping
 11746 | Lair:1   | XOM: smoke on damage
 11925 | Lair:1   | XOM: potion effect (invisibility)
 11942 | Lair:1   | XOM: summons 10 friendly demons
 11956 | Lair:1   | XOM: smoke on damage
 12035 | Lair:1   | XOM: god gift: scroll labelled NINIKY QUOL {god gift}
 12051 | Lair:1   | XOM: draining
 12184 | Lair:1   | Reached skill level 5 in Ice Magic
 12340 | Lair:1   | XOM: 9-stop teleportation journey
 12397 | Lair:1   | XOM: cloud trail
 12447 | Lair:1   | XOM: smoke on damage
 12455 | Lair:1   | Reached XP level 12. HP: 37/86 MP: 8/18
 12506 | Lair:1   | XOM: 1-stop teleportation journey
 12508 | Lair:1   | XOM: divination: detect creatures
 12517 | Lair:1   | Reached skill level 5 in Spellcasting
 12522 | Lair:1   | HP: 3/89 [blink frog (2)]
 12842 | Lair:1   | XOM: potion effect (magic)
 12853 | Lair:1   | XOM: divination: detect creatures
 12855 | Lair:1   | Slain by a blink frog

Illustrated notes

Levels and vault maps discovered:
D:1:      dpeg_arrival_tiny_i, layout_loops_cross,
          chequers_serial_rivers_large_b, minmay_crystal_water
D:2:      layout_loops_cross, corexii_hall_statues_deadend
D:3:      layout_loops_corners, kiku_gazebo_pond_becter,
          dilly_ecumenical_altar_fadedgnrine, uniq_ijyb
D:4:      layout_basic, mainiacjoe_overflow_catwalk,
          mainiacjoe_overflow_small_starburst
D:5:      layout_loops_ring, nicolae_yredelemnul_corpse_copse,
          uniq_crazy_yiuf_cottage
D:6:      layout_basic, grunt_temple_overflow_champion_of_chaos,
          nicolae_ru_path_of_blood, amcnicky_altar_gilded, minivault_26
D:7:      layout_cave_pools, minmay_overflow_temple_star_quad,
          minmay_temple_entry_drinking_statues, serial_shops, shop,
          st_stairs_14, dk_vineyard_2, uniq_maggie
D:8:      layout_layer_cave, marbit_many_paths, due_lair_maze_entry_diamond,
          minmay_holes, uniq_joseph, uniq_pikel
D:9:      layout_loops_ring
D:10:     layout_rooms, mainiacjoe_overflow_six_doors_small, serial_shops, shop
D:11:     layout_roguey, fountainhead, uniq_erolcha
Temple:   kb_corrupted_temple
Lair:1:   beast_lair_carwin_large_4, layout_cave_pods

Skill      XL: |  1  2  3  4  5  6  7  8  9 10 11 12 |
---------------+-------------------------------------+-----
Axes           | 3 4 5 6 7 8 9 12 13 14 16 | 16.5
Fighting       | 4 5 |  5.5
Armour         | 4 5 |  5.1
Dodging        | 1 2 5 |  5.0
Shields        | 4 5 |  5.0
Spellcasting   | 2 3 4 5 |  5.0
Evocations     | 3 4 5 |  5.0
Ice Magic      | 1 3 5 |  5.0
Hexes          | 2 3 |  3.0

Action                   |  1- 3 |  4- 6 |  7- 9 | 10-12 || total
-------------------------+-------+-------+-------+-------++-------
Melee: War axe           |    72 |   106 |   155 |       ||   333
       Headbutt          |     8 |    13 |    56 |    82 ||   159
       Broad axe         |       |       |   100 |   433 ||   533
       Mace              |       |       |       |     5 ||     5
  Use: Scroll            |       |     3 |     1 |     5 ||     9
       Potion            |       |       |       |     5 ||     5
 Stab: Invisible         |       |       |     1 |     7 ||     8
       Confused          |       |       |       |     3 ||     3
       Petrified         |       |       |       |     1 ||     1
Armor: Ring mail         |    19 |    40 |   152 |       ||   211
       Scale mail        |     2 |       |       |       ||     2
       Plate armour      |       |       |       |   233 ||   233
Dodge: Dodged            |    31 |    41 |   134 |   145 ||   351
Block: Buckler           |    19 |    19 |    61 |    71 ||   170
       Tower shield      |       |       |       |    30 ||    30

Table legend: (Time is in decaauts)
 A = Elapsed time spent in this place.
 B = Non-inter-level travel time spent in this place.
 C = Inter-level travel time spent in this place.
 D = Time resting spent in this place.
 E = Time spent auto-exploring this place.
 F = Levels seen in this place.
 G = Mean time per level.
                   A        B        C        D        E       F      G
               +--------+--------+--------+--------+--------+-----+--------+
         Total |  12858 |  12463 |    395 |    857 |   9268 |  13 |  989.1 |
       Dungeon |  11154 |  10779 |    375 |    711 |   8204 |  11 | 1014.0 |
        Temple |    109 |     90 |     19 |      0 |     77 |   1 |  109.0 |
          Lair |   1594 |   1594 |      0 |    146 |    987 |   1 | 1594.0 |
               +--------+--------+--------+--------+--------+-----+--------+

Top non-repeatable levels by time:
     D:8: 2167 daAuts
  Lair:1: 1594 daAuts
     D:6: 1283 daAuts
     D:9: 1214 daAuts
    D:10: 1165 daAuts
     D:5: 1127 daAuts
     D:3: 1116 daAuts
     D:1: 938 daAuts
     D:2: 678 daAuts
     D:7: 667 daAuts
     D:4: 643 daAuts
    D:11: 150 daAuts
  Temple: 109 daAuts
